AoeStats
← RedPhosphoru

Arabia

510222533Analyzed
1v1 RM · 2d ago on Sep 30, 2026· 24m 38s· 2 players
Game mode
Random Map
Map size
Tiny (2 player)
Population
200
Speed
Normal
Resources
Standard
Victory
Conquest
Starting age
Dark Age
Ending age
Imperial Age
RankedLock teamsTeams togetherTeam positionsShared explorationLock speedFull tech treeHidden civsTurbo modeCheats
Victory
Defeat
🇺🇸 Bohemians · United States
2346
+3
🇯🇵 Huns · Japan
1975
-3
RedPhosphoru
7:49 Loom
9:53 Feudal Age
13:40 Castle Age
chanchanvn
5:52 Loom
8:28 Feudal Age
9:05 Double-Bit Axe
12:07 Horse Collar
23:19 Castle Age
23:46 Scale Barding Armor
Connection lost

Rejoining the realm…

Still unreachable

The connection could not be restored.

Session expired

The server has moved on; the page needs a fresh start.